AoeStats
← MatzeAoE

Black Forest

505936226Analyzed
1v1 RM · 20d ago on Sep 11, 2026· 32m 49s· 2 players
Game mode
Random Map
Map size
Tiny (2 player)
Population
200
Speed
Normal
Resources
Standard
Victory
Conquest
Starting age
Dark Age
Ending age
Imperial Age
RankedLock teamsTeams togetherTeam positionsShared explorationLock speedFull tech treeHidden civsTurbo modeCheats
Victory
Defeat
🇺🇸 Spanish · United States
2190
+13
🇩🇪 Vikings · Germany
2118
-13
MatzeAoE
1:35 Loom
12:42 Feudal Age
16:36 Castle Age
15:03 Double-Bit Axe
16:53 Town Watch
18:43 Bow Saw
20:00 Horse Collar
22:45 Fishing Lines
23:29 Heavy Plow
25:16 Gold Mining
25:42 Town Patrol
25:43 Stone Mining
29:34 Imperial Age
28:15 Gold Shaft Mining
27:51 Fletching
28:01 Padded Archer Armor
28:21 Ballistics
28:21 Crossbowman
28:59 Bodkin Arrow
29:51 Leather Archer Armor
29:59 Masonry
29:44 Arbalester
30:30 Bracer
31:38 Chemistry
noah23
0:40 Loom
11:37 Feudal Age
12:14 Double-Bit Axe
15:51 Castle Age
14:34 Double-Bit Axe
14:55 Fishing Lines
16:43 Bow Saw
17:25 Town Watch
18:11 Gillnets
20:43 Wheelbarrow
21:30 Gold Mining
22:11 Horse Collar
28:03 Imperial Age
25:47 Stone Mining
27:07 Hand Cart
26:43 Fletching
28:08 Heavy Plow
29:06 Conscription
29:47 Chemistry
28:11 Onager
29:01 Padded Archer Armor
30:05 Leather Archer Armor
30:14 Masonry
32:33 Ring Archer Armor
33:26 Two-Man Saw
33:20 Bombard Tower
Connection lost

Rejoining the realm…

Still unreachable

The connection could not be restored.

Session expired

The server has moved on; the page needs a fresh start.